 Dungeon Crawl Stone Soup version 0.23-a0-395-gcf17ac6 (webtiles) character file.

426 GMan the Ducker (level 6, -1/76 HPs)
             Began as a Merfolk Berserker on July 19, 2017.
             Was a Believer of Trog.
             Slain by a hornet (12 damage)
             ... on level 5 of the Dungeon on Nov 1, 2018.
             The game lasted 00:39:13 (3930 turns).

GMan the Ducker (Merfolk Berserker)                 Turns: 3930, Time: 00:39:16

Health: -1/76      AC:  9    Str: 25    XL:     6   Next: 97%
Magic:  6/6        EV: 14    Int:  6    God:    Trog [**....]
Gold:   215        SH:  0    Dex: 20    Spells: 5/5 levels left

rFire    . . .     SeeInvis .   u - +1 flail (protect)
rCold    . . .     Gourm    .   (no shield)
rNeg     . . .     Faith    .   a - +0 scale mail
rPois    .         Spirit   .   (no helmet)
rElec    .         Reflect  .   s - +0 cloak
rCorr    .         Harm     .   n - +1 pair of gloves
MR       .....                  (no boots)
Stlth    ..........             (no amulet)
HPRegen  0.22/turn              f - +5 ring of dexterity
MPRegen  0.10/turn              l - +2 ring of dexterity

@: berserking, lethally poisoned (-1 -> -13), slowed
A: change form in water, swift swim, stealthy swim
a: Berserk, Trog's Hand, Renounce Religion


You were on level 5 of the Dungeon.
You worshipped Trog.
Trog was pleased with you.
You were not hungry.

You visited 1 branch of the dungeon, and saw 5 of its levels.

You collected 215 gold pieces.

Inventory:

Hand Weapons
 u - a +1 flail of protection (weapon)
Armour
 a - a +0 scale mail (worn)
 n - a +1 pair of gloves (worn)
 q - a +0 ring mail
 s - a +0 cloak (worn)
Jewellery
 f - a +5 ring of dexterity (left hand)
 j - an uncursed ring of flight
 l - a +2 ring of dexterity (right hand)
Wands
 w - a wand of polymorph (4)
Scrolls
 e - 5 scrolls of amnesia
 g - 6 scrolls of identify
 h - 4 scrolls of remove curse
 m - 4 scrolls of teleportation
 o - 3 scrolls of fog
 t - a scroll of enchant weapon
Potions
 b - a potion of lignification {unknown}
 d - 3 potions of brilliance
 i - 2 potions of curing {unknown}
 k - 2 potions of flight {unknown}
 p - a potion of agility {unknown}
 r - a potion of degeneration {unknown}
 v - a potion of might {unknown}
Comestibles
 c - 3 rations


   Skills:
 + Level 5.0 Fighting
 + Level 3.8 Maces & Flails
 + Level 2.6 Armour
 + Level 5.2 Dodging
 - Level 0.9 Stealth


You had 5 spell levels left.
You didn't know any spells.
Your spell library contained the following spells:

 Spells                   Type           Power        Failure   Level  Hunger
 Animate Skeleton         Necr           N/A          75%         1    ##.....
 Apportation              Tloc           #.....       75%         1    ##.....
 Confusing Touch          Hex            #.....       75%         1    ##.....
 Summon Small Mammal      Summ           #...         75%         1    ##.....


Dungeon Overview and Level Annotations

Branches:
Dungeon (5/15)
 Temple: D:4-7

Altars:
Dithmenos
Uskayaw


Message History

You feel as though you will be slow longer.
The adder zombie barely misses you. The hornet completely misses you.
The adder zombie closely misses you.
A red film seems to cover your vision as you go berserk!
You feel yourself moving faster!
You feel mighty!
You feel a lot more hungry.
You feel sick. The hornet closely misses you. The hornet stings you!
* * * LOW HITPOINT WARNING * * *
You are more poisoned.
You feel as though you will be slow longer.
The adder zombie bites you.
* * * LOW HITPOINT WARNING * * *
The hornet misses you.
You barely miss the hornet.
The hornet is lightly wounded.
* * * LOW HITPOINT WARNING * * *
You feel sick.
The adder zombie bites you but does no damage.
The hornet closely misses you. The adder zombie closely misses you.
The hornet stings you!
You die...

#.... #...# #...#
########...###
.............# ####
####........##...##
#.<##..........#
#............>...#
#.#..####y@#..... #
#..##..Z......#
.........###.##
.##.##.#.#. .
#......#.# #
####.###.# #. .# .
.#


You could see a hornet and an adder zombie.

Vanquished Creatures
  Grinder (D:3)
  A bullfrog skeleton (D:4)
  A centaur skeleton (D:4)
  3 worker ants (D:4)
  3 adders
  An adder zombie (D:2)
  2 dart slugs (D:1)
  4 leopard geckos
  8 orcs
  6 bat zombies (D:2)
  2 giant cockroaches
  4 goblins
  7 hobgoblins
  A ball python (D:1)
  2 ball python zombies (D:2)
  2 bats (D:1)
  A frilled lizard (D:2)
  3 kobolds
  A leopard gecko zombie (D:2)
  5 rats
  A withered plant (D:2)
59 creatures vanquished.

Notes
Turn   | Place    | Note
-------+----------+-------------------------------------------
     0 | D:1      | GMan the Merfolk Berserker began the quest for the Orb.
     0 | D:1      | Reached XP level 1. HP: 18/18 MP: 1/1
   367 | D:1      | Reached XP level 2. HP: 24/24 MP: 2/2
   806 | D:1      | Reached XP level 3. HP: 30/30 MP: 3/3
  1461 | D:2      | Found a shadowy altar of Dithmenos.
  1529 | D:2      | Upgraded the game from 0.23-a0-389-g4a5eb33 to
                  | 0.23-a0-395-gcf17ac6
  1907 | D:2      | Reached XP level 4. HP: 24/37 MP: 4/4
  1913 | D:2      | Reached ** piety under Trog
  2496 | D:3      | Found a hide-covered altar of Uskayaw.
  2940 | D:3      | Noticed Grinder
  2950 | D:3      | Killed Grinder
  2950 | D:3      | Reached XP level 5. HP: 43/43 MP: 5/5
  2950 | D:3      | Reached XP level 6. HP: 49/49 MP: 6/6
  3438 | D:4      | Reached skill level 5 in Dodging
  3632 | D:4      | Reached skill level 5 in Fighting
  3918 | D:5      | Entered Level 5 of the Dungeon
  3922 | D:5      | Noticed a hornet
  3930 | D:5      | Slain by a hornet

Vault maps used:
D:1:      lightli_arrival_boilingwater
D:2:      lemuel_doored_altar, serial_undead, serial_undead_c, serial_undead_e,
          serial_undead_a, serial_undead_a, serial_undead_d, serial_undead_d
D:3:      old_standard_altar, uniq_grinder
D:4:      interstate_on_off
D:5:      old_standard_altar, minmay_temple_entry_hall, first_ration,
          basic_altar

Skill      XL: |  1  2  3  4  5  6 |
---------------+-------------------+-----
Dodging        | 3 4 5 |  5.2
Maces & Flails | 3 |  3.8
Fighting       | 4 5 |  5.0
Armour         | 2 |  2.6
Stealth        | |  0.9

Action                   |  1- 3 |  4- 6 || total
-------------------------+-------+-------++-------
Melee: Mace              |   119 |    49 ||   168
       Flail             |       |    65 ||    65
Invok: Berserk           |     2 |     2 ||     4
  Use: Scroll            |       |     8 ||     8
 Stab: Sleeping          |     1 |       ||     1
       Distracted        |       |     1 ||     1
  Eat: Chunk             |     1 |     2 ||     3
       Ration            |     1 |     2 ||     3
Armor: Animal skin       |    19 |       ||    19
       Leather armour    |    42 |    10 ||    52
       Scale mail        |       |    24 ||    24
Dodge: Dodged            |   159 |    86 ||   245

Table legend:
 A = Non-vault XP
 B = Vault XP
 C = Vault XP percentage of total XP
 D = Non-vault monster count
 E = Vault monster count
 F = Vault count percentage of total count
                 A         B        C        D         E       F
            +---------+---------+-------+---------+---------+-------
      Total |     275 |     297 |  51.9 |      28 |      11 |  28.2
            +---------+---------+-------+---------+---------+-------
        D:2 |      33 |      20 |  37.7 |       6 |      10 |  62.5
        D:3 |      26 |     277 |  91.4 |      11 |       1 |   8.3
        D:4 |     216 |       0 |   0.0 |      11 |       0 |   0.0
            +---------+---------+-------+---------+---------+-------
